 Dungeon Sprint DCSS version 0.27.1-1-g398f81649c (webtiles) character file.

Game seed: 2561132307904705056

109 ugugthedestroyer the Insei (level 4, -4/37 HPs)
             Began as a Gnoll Transmuter on Sept 11, 2021.
             Was an Initiate of Ashenzari.
             Slain by a gnoll (10 damage)
             ... in the Dungeon (Sprint VII: "The Pits").
             The game lasted 00:01:43 (112 turns).

ugugthedestroyer the Insei (Gnoll Transmuter)        Turns: 112, Time: 00:01:45

Health: -4/37      AC:  2    Str: 11    XL:     4   Next: 89%
Magic:  11/11      EV: 11    Int: 12    God:    Ashenzari [......]
Gold:   0          SH:  0    Dex: 12    Spells: 10/14 levels left

rFire    . . .     SeeInvis .   h - +2 quarterstaff
rCold    . . .     Faith    .   (shield currently unavailable)
rNeg     . . .     Spirit   .   a - +0 robe
rPois    .         Reflect  .   (no helmet)
rElec    .         Harm     .   (no cloak)
rCorr    .         Rampage  .   (no gloves)
Will     .....     NoTele   +   (no boots)
Stlth    ++........             (no amulet)
HPRegen  0.12/turn              (no ring)
MPRegen  0.12/turn              (no ring)

@: constricted
A: fangs 1, strong nose, distributed training
a: Renounce Religion


You were in the Dungeon.
You worshipped Ashenzari.
Ashenzari was noncommittal.
You visited 1 branch

Inventory:

Hand Weapons
 h - a +2 quarterstaff (weapon)
Armour
 a - a +0 robe (worn)
Scrolls
 g - a scroll of blinking
 j - 5 scrolls of amnesia
 k - a scroll of summoning
Potions
 b - a potion of curing
 c - a potion of heal wounds
 d - a potion of haste
 e - 4 potions of magic
 f - 3 potions of berserk rage
 i - 2 potions of invisibility


   Skills:
 + Level 4.0 Fighting
 + Level 3.0 Short Blades
 + Level 3.0 Long Blades
 + Level 3.0 Axes
 + Level 3.0 Maces & Flails
 + Level 3.0 Polearms
 + Level 3.0 Staves
 + Level 3.0 Slings
 + Level 3.0 Bows
 + Level 3.0 Crossbows
 + Level 3.0 Throwing
 + Level 3.0 Armour
 + Level 5.5 Dodging
 + Level 3.0 Stealth
 + Level 3.0 Shields
 + Level 7.2 Unarmed Combat
 + Level 5.9 Spellcasting
 + Level 2.4 Conjurations
 + Level 2.4 Hexes
 + Level 2.4 Summonings
 + Level 2.4 Necromancy
 + Level 2.4 Translocations
 + Level 4.5 Transmutations
 + Level 2.4 Fire Magic
 + Level 2.4 Ice Magic
 + Level 2.4 Air Magic
 + Level 2.4 Earth Magic
 + Level 2.4 Poison Magic
 + Level 3.3 Invocations
 + Level 3.0 Evocations


You had 10 spell levels left.
You knew the following spells:

 Your Spells              Type           Power      Damage    Failure   Level
a - Beastly Appendage     Tmut           28%        N/A       2%          1
b - Spider Form           Tmut/Pois      6%         N/A       13%         3

Your spell library contained the following spells:

 Spells                   Type           Power      Damage    Failure   Level
 Wereblood                Tmut           14%        N/A       4%          2
 Ice Form                 Ice/Tmut       12%        N/A       38%         4


Dungeon Overview and Level Annotations

Branches:
Dungeon (1/1)

Altars:
Ashenzari
Cheibriados
Dithmenos
Elyvilon
Fedhas
Gozag
Hepliaklqana
Kikubaaqudgha
Makhleb
Nemelex Xobeh
Okawaru
Qazlal
Ru
Sif Muna
Trog
Uskayaw
Vehumet
Wu Jian
Xom
Yredelemnul
Zin
The Shining One
Beogh
Jiyva
Lugonu


Innate Abilities, Weirdness & Mutations

You have very sharp teeth.
Your uncanny sense of smell can sniff out nearby items.
Your experience applies equally to all skills.


Message History

Your Invocations skill gained 2 levels and is now at level 3!
Your Evocations skill gained 2 levels and is now at level 3!
You have reached level 3!
Your experience leads to an increase in your attributes!
Increase (S)trength, (I)ntelligence, or (D)exterity?
You feel stronger.
You have reached level 4!
You feel stronger.
Unknown command.
Unknown command.
Unknown command.
This spell is quite dangerous to cast!
Memorise Spider Form, consuming 3 spell levels and leaving 10?
You start memorising the spell.
You continue memorising. x3
You finish memorising.
Spell assigned to 'b'.
Okay, then.
Okay, then.
You open the door.
A ball python and a gnoll come into view.
An adder and a gnoll come into view.
There is an open door here.
The gnoll shouts!
You aren't carrying any items that you can evoke.
There is an open door here.
The ball python hisses angrily.
You close the door.
A gnoll opens the door.
The gnoll hits you with a +0 spear. The gnoll barely misses you.
There is an open door here.
You barely miss the gnoll. The gnoll misses you.
The gnoll hits you from afar with a +0 spear!
The ball python closely misses you. The ball python grabs you.
The ball python constricts you.
You barely miss the gnoll. The ball python bites you.
The ball python constricts you. The gnoll hits you with a +0 spear!
The gnoll hits you from afar with a +0 spear!
* * * LOW HITPOINT WARNING * * *
The ball python barely misses you. The ball python constricts you.
* * * LOW HITPOINT WARNING * * *
The gnoll closely misses you. The gnoll hits you with a +0 spear!
You die...

##########'##........
#.?(.')))'.##......#.
##########.##........
#.........†.'........
#+#####'#####......#.
#...#)#∆∆ #........
#...#.#∆∆ ####'####
#..†'.#∆∆ #.......#
##@####∆∆ #.......#
#SgS..#∆∆ #.......#
#...g.# #...<...#
#....... #.......#
#........##.......#
###########.......#
######### ∆∆∆∆


You could see 2 gnolls, an adder and a ball python.

Vanquished Creatures
  A floating eye (D)
  A gnoll (D)
  A hobgoblin (D)
  A bat (D)
  A rat (D)
5 creatures vanquished.

Notes
Turn   | Place    | Note
-------+----------+-------------------------------------------
     0 | D        | ugugthedestroyer the Gnoll Transmuter began the quest for
                  | the Orb.
     0 | D        | Reached XP level 1. HP: 17/17 MP: 6/6
    46 | D        | Found a bloodstained altar of Trog.
    46 | D        | Found a shimmering blue altar of Sif Muna.
    46 | D        | Found a viscous altar of Jiyva.
    46 | D        | Found a hazy altar of Hepliaklqana.
    46 | D        | Found an opulent altar of Gozag.
    47 | D        | Found a glowing golden altar of the Shining One.
    47 | D        | Found a glowing silver altar of Zin.
    47 | D        | Found a basalt altar of Yredelemnul.
    47 | D        | Found a shimmering altar of Xom.
    47 | D        | Found an ornate altar of the Wu Jian Council.
    47 | D        | Found a sacrificial altar of Ru.
    47 | D        | Found a stormy altar of Qazlal.
    47 | D        | Found an iron altar of Okawaru.
    47 | D        | Found a sparkling altar of Nemelex Xobeh.
    47 | D        | Found a burning altar of Makhleb.
    47 | D        | Found a blossoming altar of Fedhas.
    47 | D        | Found a white marble altar of Elyvilon.
    47 | D        | Found a shadowy altar of Dithmenos.
    47 | D        | Found a snail-covered altar of Cheibriados.
    50 | D        | Found a corrupted altar of Lugonu.
    50 | D        | Found a radiant altar of Vehumet.
    51 | D        | Found an ancient bone altar of Kikubaaqudgha.
    51 | D        | Found a hide-covered altar of Uskayaw.
    51 | D        | Found a broken altar of Ashenzari.
    60 | D        | Became a worshipper of Ashenzari the Shackled
    85 | D        | Reached skill level 1 in Short Blades
    85 | D        | Reached skill level 1 in Long Blades
    85 | D        | Reached skill level 1 in Axes
    85 | D        | Reached skill level 1 in Maces & Flails
    85 | D        | Reached skill level 1 in Polearms
    85 | D        | Reached skill level 1 in Staves
    85 | D        | Reached skill level 1 in Slings
    85 | D        | Reached skill level 1 in Bows
    85 | D        | Reached skill level 1 in Crossbows
    85 | D        | Reached skill level 1 in Throwing
    85 | D        | Reached skill level 1 in Armour
    85 | D        | Reached skill level 1 in Stealth
    85 | D        | Reached skill level 1 in Shields
    85 | D        | Reached skill level 5 in Spellcasting
    85 | D        | Reached skill level 1 in Conjurations
    85 | D        | Reached skill level 1 in Hexes
    85 | D        | Reached skill level 1 in Summonings
    85 | D        | Reached skill level 1 in Necromancy
    85 | D        | Reached skill level 1 in Translocations
    85 | D        | Reached skill level 1 in Fire Magic
    85 | D        | Reached skill level 1 in Ice Magic
    85 | D        | Reached skill level 1 in Air Magic
    85 | D        | Reached skill level 1 in Earth Magic
    85 | D        | Reached skill level 1 in Poison Magic
    85 | D        | Reached skill level 1 in Invocations
    85 | D        | Reached skill level 1 in Evocations
    85 | D        | Reached XP level 2. HP: 20/23 MP: 6/8
    89 | D        | Noticed a floating eye
    96 | D        | Killed a floating eye
    97 | D        | Reached skill level 5 in Dodging
    97 | D        | Reached skill level 7 in Unarmed Combat
    97 | D        | Reached XP level 3. HP: 28/30 MP: 10/10
    97 | D        | Reached XP level 4. HP: 34/37 MP: 11/11
   103 | D        | Learned a level 3 spell: Spider Form
   112 | D        | Slain by a gnoll

Illustrated notes

Levels and vault maps discovered:
D:        pitsprint [storerooms_1, entrance_room_1, metal_vault_6, armoury_3,
          mini_pit_1, grid_room_1, main_hall_1, silver_pit, the_coven_1,
          the_vestibule_1, steel_vault_5, golden_pit, hallway_of_sentries,
          crystal_vault_5, iron_vault_2, final_vault]

Skill      XL: |  1  2 |
---------------+-------+-----
Short Blades   | 1 3 |  3.0
Long Blades    | 1 3 |  3.0
Axes           | 1 3 |  3.0
Maces & Flails | 1 3 |  3.0
Polearms       | 1 3 |  3.0
Staves         | 1 3 |  3.0
Slings         | 1 3 |  3.0
Bows           | 1 3 |  3.0
Crossbows      | 1 3 |  3.0
Throwing       | 1 3 |  3.0
Armour         | 1 3 |  3.0
Stealth        | 1 3 |  3.0
Shields        | 1 3 |  3.0
Spellcasting   | 5 |  5.9
Conjurations   | 1 2 |  2.4
Hexes          | 1 2 |  2.4
Summonings     | 1 2 |  2.4
Necromancy     | 1 2 |  2.4
Translocations | 1 2 |  2.4
Fire Magic     | 1 2 |  2.4
Ice Magic      | 1 2 |  2.4
Air Magic      | 1 2 |  2.4
Earth Magic    | 1 2 |  2.4
Poison Magic   | 1 2 |  2.4
Invocations    | 1 3 |  3.3
Evocations     | 1 3 |  3.0
Fighting       | 4 |  4.0
Dodging        | 5 |  5.5
Unarmed Combat | 7 |  7.2
Transmutations | 4 |  4.5

Action                   |  1- 3 |  4- 6 || total
-------------------------+-------+-------++-------
Melee: Quarterstaff      |     9 |     2 ||    11
       Unarmed           |     3 |       ||     3
       Kick              |     3 |       ||     3
       Headbutt          |     1 |       ||     1
       Bite              |     1 |       ||     1
 Cast: Beastly Appendage |     3 |       ||     3
Armor: Robe              |     3 |       ||     3
Dodge: Dodged            |     5 |     5 ||    10
